 Seeded DCSS version 0.31-a0-544-gceb718ecc6 (webtiles) character file.

Game seed: 3826825538972431165 (custom seed)

2 innerfire43 the Trooper (level 1, 18/18 HPs)
             Began as a Demonspawn Monk on Aug 15, 2023.
             Got out of the dungeon alive.
             The game lasted 00:00:36 (60 turns).

innerfire43 the Trooper (Demonspawn Monk)             Turns: 60, Time: 00:00:36

Health: 18/18      AC:  2    Str: 11    XL:     1   Next: 25%
Magic:  1/1        EV: 13    Int: 11    God:
Gold:   0          SH:  0    Dex: 15    Spells: 0/0 levels left

rFire   . . .        a - +0 spear
rCold   . . .        d - orb {light}
rNeg    . . .        b - +0 robe
rPois   .            (no helmet)
rElec   .            (no cloak)
rCorr   .            (no gloves)
SInv    .            (no boots)
Will    .....        (no amulet)
Stlth   +            (no ring)
HPRegen 0.23/turn    (no ring)
MPRegen 0.07/turn

%: no passive effects
@: glowing
A: no striking features
a: no special abilities


You escaped.
You visited 1 branch of the dungeon, and saw 1 of its levels.

Inventory:

Hand Weapons
 a - a +0 spear (weapon)
Armour
 b - a +0 robe (worn)
 d - an orb of light (worn)
Scrolls
 e - a scroll of acquirement
 f - 2 scrolls of vulnerability {unknown}
Potions
 c - a potion of ambrosia


   Skills:
 + Level 3.0 Fighting
 + Level 2.7 Polearms
 + Level 2.7 Dodging


You couldn't memorise any spells.
You didn't know any spells.
Your spell library was empty.

Dungeon Overview and Level Annotations

Branches:
Dungeon (1/15)

Altars:


Message History

You hit the goblin.
The goblin is moderately wounded.
The goblin hits you with a +0 dagger.
A goblin is nearby!
You hit the goblin.
The goblin is severely wounded.
The goblin misses you.
A goblin is nearby!
You hit the goblin.
You kill the goblin!
HP restored.
f - a scroll labelled YDEX ANAPPA No target in view!
A ball python comes into view.
No reachable target in view!
A ball python is nearby!
No reachable target in view!
A ball python is nearby!
No reachable target in view!
A ball python is nearby!
No reachable target in view!
You see here a scroll labelled YDEX ANAPPA.
Reach: a) +0 spear
Press: ? - help, Dir - move target, f - ball python
Aim: a ball python (haloed, about 23% to evade your +0 spear)
You reach to attack!
You hit the ball python but do no damage.
Reach: a) +0 spear
Press: ? - help, Dir - move target, f/p - ball python
Aim: a ball python (haloed, about 23% to evade your +0 spear)
You hit the ball python.
You kill the ball python!
Reach: a) +0 spear
Press: ? - help, Dir - move target, f - you That would be overly suicidal.
Okay, then.
f - 2 scrolls labelled YDEX ANAPPA (gained 1)
There is a staircase leading out of the dungeon here.
This is a scroll of acquirement!
You have escaped! .PPP.PPP.PPPPP.P#.# PP.PPP.P.PPP.PPP.PP..# PP.PP.PPP.PP.PP.PPP..# .....PPPPP.....PPPP#.# PP.PP.PPP.PP.PP.PPP..# PP.PPP.P.PPP.PPP.PP#.# PPP.PPP.PPP.PPPPP.P#.# PPPP.PP.PP.PPPPPP.P# # PPPPP..@..PPPPPPP.P# PPPPPPP.PPPPPPPPP.P# PPPPPPP.PPPPPPPPP.P# PPPPPP.P.PPPPPPP.PP# PPPPP.PPP.PPPPP.PPP##. .....PPPPP.....PPPP...# PPPPPPPPPPPP.PPPPPP#..# ..................#...# ###...#####.........###

There were no monsters in sight!

Vanquished Creatures
  A goblin (D:1)
  A ball python (D:1)
2 creatures vanquished.

Notes
Turn   | Place    | Note
-------+----------+-------------------------------------------
     0 | D:1      | innerfire43 the Demonspawn Monk began the quest for the
                  | Orb.
     0 | D:1      | Reached XP level 1. HP: 18/18 MP: 1/1
    59 | D:1      | Identified a scroll of acquirement
    60 | D:$      | Got out of the dungeon alive.

Illustrated notes

Levels and vault maps discovered:
D:1:      roderic_crop_circles_arrival_large, layout_basic

Action                     || total
---------------------------++-------
  Melee: Spear             ||     7
  Dodge: Dodged            ||     1

Table legend: (Time is in decaauts)
 A = Elapsed time spent in this place.
 B = Non-inter-level travel time spent in this place.
 C = Inter-level travel time spent in this place.
 D = Time resting spent in this place.
 E = Time spent auto-exploring this place.
 F = Levels seen in this place.
 G = Mean time per level.
                   A        B        C        D        E       F      G
               +--------+--------+--------+--------+--------+-----+--------+
         Total |     59 |     59 |      0 |      0 |     34 |   1 |   59.0 |
       Dungeon |     59 |     59 |      0 |      0 |     34 |   1 |   59.0 |
               +--------+--------+--------+--------+--------+-----+--------+

Top non-repeatable levels by time:
     D:1: 59 daAuts
